 Dungeon Crawl Stone Soup version 0.26.1-11-gd32895ea62 (webtiles) character file.

Game seed: 5203511889615291545

39 Revguard the Grave Robber (level 3, 0/25 HPs)
             Began as a Demonspawn Necromancer on July 28, 2021.
             Slain by Terence
             ... wielding a +0 hand axe
              (7 damage)
             ... on level 2 of the Dungeon.
             The game lasted 00:07:14 (1593 turns).

Revguard the Grave Robber (Demonspawn Necromancer)  Turns: 1593, Time: 00:07:15

Health: 0/25       AC:  4    Str:  9    XL:     3   Next: 28%
Magic:  0/6        EV: 12    Int: 16    God:
Gold:   62         SH:  0    Dex: 13    Spells: 4/6 levels left

rFire    . . .     SeeInvis .   b - -3 short sword (curse)
rCold    . . .     Faith    .   (no shield)
rNeg     . . .     Spirit   .   f - +0 leather armour
rPois    .         Reflect  .   (no helmet)
rElec    .         Harm     .   (no cloak)
rCorr    .         Rampage  .   d - +0 pair of gloves
Will     .....                  (no boots)
Stlth    ++........             (no amulet)
HPRegen  0.08/turn              (no ring)
MPRegen  0.10/turn              (no ring)

@: very slightly contaminated, invisible
A: talons 1
a: no special abilities


You were on level 2 of the Dungeon.
You visited 1 branch of the dungeon, and saw 2 of its levels.

You collected 62 gold pieces.

Inventory:

Hand Weapons
 b - a cursed -3 short sword (weapon)
 c - a +0 short sword
Armour
 d - a +0 pair of gloves (worn)
 f - a +0 leather armour (worn)


   Skills:
 + Level 0.7 Fighting
 + Level 0.2 Short Blades
 + Level 0.6 Armour
 + Level 2.1 Dodging
 + Level 2.1 Stealth
 * Level 2.4 Spellcasting
 * Level 4.6 Necromancy


You had 4 spell levels left.
You knew the following spells:

 Your Spells              Type           Power        Failure   Level
a - Pain                  Necr           64%          4%          1
b - Animate Skeleton      Necr           32%          4%          1

Your spell library contained the following spells:

 Spells                   Type           Power        Failure   Level
 Vampiric Draining        Necr           8%           12%         3
 Animate Dead             Necr           8%           36%         4
 Agony                    Necr           16%          73%         5


Dungeon Overview and Level Annotations

Branches:
Dungeon (2/15)

Altars:
Ashenzari

Annotations:
D:2 Terence


Innate Abilities, Weirdness & Mutations

You have sharp toenails.


Message History

Aim: Terence, wielding a +0 hand axe and wearing a +2 chain mail of fire resistance (severely wounded, chance to affect: 81%) Terence writhes in agony.
Terence hits you with a +0 hand axe!
Aiming: Pain (safe; 4% risk of failure)
Press: ? - help, Q - select action, (/) - cycle Shift-Dir - straight line, f/p - Terence
Aim: Terence, wielding a +0 hand axe and wearing a +2 chain mail of fire resistance (almost dead, chance to affect: 81%) Terence barely resists.
Terence closely misses you.
It was a potion of invisibility.
You fade into invisibility!
Terence misses you.
You are very lightly contaminated with residual magic.
You barely miss Terence. Your kick misses Terence.
Terence is almost dead.
Terence hits you with a +0 hand axe.
* * * LOW HITPOINT WARNING * * *
You closely miss Terence.
Terence is almost dead.
Terence hits you with a +0 hand axe!
You die...

#.#... # #.#.##.#
###########......#
#.............# #
...#.######.#########
#..#.# #.......... #..#.#
#.######.## #..#@# #.#
#... #..#@# #.# #..#
#..#.# #.# ###.##
######..#.######.# #....#
.......................#..
........#.###########..##.
#######.#.# #.##..
#.....#.# #....# #.#####.#
##### .. #.#
#.################


You could see Terence.

Vanquished Creatures
  An adder (D:2)
  An ooze (D:1)
  4 goblins
  2 hobgoblins (D:1)
  3 jackals (D:2)
  3 bats (D:1)
  2 frilled lizards
  5 kobolds (D:1)
  4 rats
25 creatures vanquished.

Vanquished Creatures (collateral kills)
  A jackal (D:2)
1 creature vanquished.

Grand Total: 26 creatures vanquished

Notes
Turn   | Place    | Note
-------+----------+-------------------------------------------
     0 | D:1      | Revguard the Demonspawn Necromancer began the quest for the
                  | Orb.
     0 | D:1      | Reached XP level 1. HP: 13/13 MP: 3/3
   284 | D:1      | Learned a level 1 spell: Animate Skeleton
   395 | D:1      | Gained mutation: You have sharp toenails. [demonic
                  | ancestry]
   395 | D:1      | Reached XP level 2. HP: 12/19 MP: 0/5
   787 | D:1      | You fall into a shaft and drop 1 floor!
   814 | D:2      | Reached XP level 3. HP: 18/25 MP: 0/6
   996 | D:2      | Found a broken altar of Ashenzari.
  1568 | D:2      | Noticed Terence
  1593 | D:2      | Slain by Terence

Illustrated notes

Levels and vault maps discovered:
D:1:      giann_horns, layout_loops_ring, wad_floor_pattern_1,
          minmay_misc_feat_tower
D:2:      layout_basic, nzn_hepliaklqana_mist_gate,
          ashenzari_conservatory_becter, minivault_23, minmay_pentomino_r2,
          uniq_terence

Skill      XL: |  1  2 |
---------------+-------+-----
Dodging        | 2 |  2.1
Stealth        | 2 |  2.1
Fighting       | |  0.7
Short Blades   | |  0.2
Armour         | |  0.6
Spellcasting   | |  2.4
Necromancy     | |  4.6

Action                   || total
-------------------------++-------
Melee: Unarmed           ||     3
       Short sword       ||    18
       Kick              ||     5
 Cast: Pain              ||    45
       Animate Skeleton  ||     3
  Use: Scroll            ||     1
       Potion            ||     1
Armor: Robe              ||    10
Dodge: Dodged            ||    32
